 Dungeon Crawl Stone Soup version 0.26-a0-708-g17f3b190f9 (webtiles) character file.

Game seed: 2770706122365852617

2212 Alfie the Cutter (level 9, -7/79 HPs)
             Began as a Hill Orc Fighter on Oct 29, 2020.
             Splashed by a jelly's acid (8 damage)
             ... on level 7 of the Dungeon.
             The game lasted 00:14:44 (8200 turns).

Alfie the Cutter (Hill Orc Fighter)                 Turns: 8200, Time: 00:14:46

Health: -7/79      AC: -3    Str: 21 (22) XL:     9   Next: 35%
Magic:  0/9        EV:  9    Int: 11 (14) God:
Gold:   449        SH: 11    Dex: 12 (13) Spells: 8/8 levels left

rFire    + + .     SeeInvis .   a - +3 rapier
rCold    . . .     Faith    .   c - +1 kite shield
rNeg     . . .     Spirit   +   b - +1 scale mail
rPois    .         Reflect  .   (no helmet)
rElec    .         Harm     .   (no cloak)
rCorr    .         Rampage  .   f - +2 pair of gloves
MR       .....                  (no boots)
Stlth    ..........             t - amulet of guardian spirit
HPRegen  0.23/turn              q - ring "Ogusm" {rF++ Int+6 Dex+3}
MPRegen  0.11/turn              (no ring)

@: brilliant, corroded, very slightly contaminated, invisible
A: no striking features
a: no special abilities


You were on level 7 of the Dungeon.
You visited 1 branch of the dungeon, and saw 7 of its levels.

You collected 449 gold pieces.

Inventory:

Hand Weapons
 a - a +3 rapier (weapon)
Missiles
 g - 6 boomerangs (quivered)
Armour
 b - a +1 scale mail (worn)
 c - a +1 kite shield (worn)
 f - a +2 pair of gloves (worn)
Jewellery
 q - the ring "Ogusm" (left hand) {rF++ Int+6 Dex+3}
   (You found it on level 6 of the Dungeon)

   [ring of intelligence]

   It affects your intelligence (+6).
   It affects your dexterity (+3).
   It greatly protects you from fire.
 t - an amulet of guardian spirit (around neck)
Wands
 l - a wand of enslavement (4)
Scrolls
 i - 3 scrolls of remove curse
 o - a scroll of teleportation
 u - a scroll of identify
Potions
 d - 2 potions of might
 e - a potion of haste
 h - a potion of mutation {unknown}
 j - a potion of stabbing {unknown}
 k - 3 potions of lignification
 m - a potion of heal wounds
 n - 2 potions of curing
 s - a potion of invisibility


   Skills:
 + Level 7.0 Fighting
 + Level 7.8 Short Blades
 + Level 6.6 Armour
 + Level 2.0 Dodging
 + Level 1.0 Stealth
 + Level 6.6 Shields


You had 8 spell levels left.
You didn't know any spells.
Your spell library was empty.

Dungeon Overview and Level Annotations

Branches:
Dungeon (7/15)             Temple (0/1) D:6

Altars:
Gozag
Okawaru
Qazlal
Trog
Xom
Zin
The Shining One

Annotations:
D:4 1 runed translucent door


Message History

* * * LOW HITPOINT WARNING * * *
The jelly is heavily wounded.
The jelly hits you.
* * * LOW HITPOINT WARNING * * *
The acid corrodes you!
You are splashed with acid!
* * * LOW HITPOINT WARNING * * *
You hit the jelly but do no damage.
Your hands burn!
* * * LOW HITPOINT WARNING * * *
The jelly is heavily wounded.
You hit the jelly but do no damage.
Your hands burn!
* * * LOW HITPOINT WARNING * * *
The jelly is heavily wounded.
You block the jelly's attack.
You hit the jelly but do no damage.
Your hands burn!
* * * LOW HITPOINT WARNING * * *
The jelly is heavily wounded.
The jelly hits you.
* * * LOW HITPOINT WARNING * * *
You are splashed with acid!
You die...

#.#
###..######.####.###
#.#
#........##.####.#
#.#
##.....##.........#
#.#
##.....######.######
######.............#
.........(...########
#######.....##
##....# ##.#@# ###J#
#####.#####
#.........#
#.........#
###..>......########
....................
............#######.
###.........#


You could see a jelly.

Vanquished Creatures
  A water moccasin (D:6)
  An ice beast (D:6)
  3 phantoms
  An orc warrior (D:3)
  A necrophage (D:6)
  2 ogres (D:4)
  A centaur (D:6)
  A big kobold (D:7)
  A scorpion (D:4)
  4 wights (D:6)
  A bullfrog zombie (D:6)
  A quasit (D:6)
  3 orc priests
  3 hounds
  3 jellies
  A bullfrog skeleton (D:6)
  A gnoll shaman (D:7)
  7 orc wizards
  2 worker ants
  2 hound zombies
  A hound skeleton (D:4)
  13 gnolls
  A howler monkey skeleton (D:4)
  11 adders
  2 shadow imps
  A white imp (D:7)
  2 oozes
  An adder skeleton (D:6)
  2 worms (D:2)
  4 leopard geckos
  20 orcs
  5 bats
  3 giant cockroaches
  7 goblins
  8 hobgoblins
  2 jackals (D:1)
  4 quokkas
  A ball python (D:7)
  15 frilled lizards
  21 kobolds
  A quokka skeleton (D:4)
  A quokka zombie (D:5)
  9 rats
175 creatures vanquished.

Notes
Turn   | Place    | Note
-------+----------+-------------------------------------------
     0 | D:1      | Alfie the Hill Orc Fighter began the quest for the Orb.
     0 | D:1      | Reached XP level 1. HP: 19/19 MP: 1/1
   234 | D:1      | Reached XP level 2. HP: 24/27 MP: 2/2
   366 | D:1      | Reached XP level 3. HP: 33/33 MP: 3/3
  1226 | D:2      | Reached XP level 4. HP: 41/41 MP: 4/4
  1326 | D:2      | Found a bloodstained altar of Trog.
  2107 | D:3      | Reached XP level 5. HP: 20/47 MP: 5/5
  2814 | D:3      | Found a faded altar of an unknown god.
  2831 | D:3      | Reached skill level 1 in Dodging
  3010 | D:3      | Noticed an orc warrior
  3048 | D:3      | Reached XP level 6. HP: 49/53 MP: 6/6
  3308 | D:3      | Killed an orc warrior
  3395 | D:3      | Found an opulent altar of Gozag.
  3397 | D:3      | Found an iron altar of Okawaru.
  3398 | D:3      | Found a stormy altar of Qazlal.
  3802 | D:4      | Reached skill level 5 in Shields
  4097 | D:4      | Reached XP level 7. HP: 47/60 MP: 7/7
  4137 | D:4      | Reached skill level 5 in Fighting
  4397 | D:4      | Reached skill level 5 in Short Blades
  4505 | D:4      | Found a runed translucent door.
  4505 | D:4      | Found a glowing golden altar of the Shining One.
  4505 | D:4      | Noticed an angel
  4966 | D:5      | Entered Level 5 of the Dungeon
  5074 | D:5      | Reached skill level 5 in Armour
  5311 | D:5      | Reached XP level 8. HP: 69/69 MP: 8/8
  5745 | D:5      | Found an iron altar of Okawaru.
  6176 | D:6      | Got a serpentine lead ring
  6222 | D:6      | Found a staircase to the Ecumenical Temple.
  6850 | D:6      | Reached XP level 9. HP: 77/77 MP: 9/9
  7595 | D:7      | Identified the ring "Ogusm" {rF++ Int+6 Dex+3} (You found
                  | it on level 6 of the Dungeon)
  7906 | D:7      | Noticed an angel
  7908 | D:7      | Found a shimmering altar of Xom.
  7910 | D:7      | Found a glowing silver altar of Zin.
  8050 | D:7      | Reached skill level 1 in Stealth
  8200 | D:7      | HP: 1/79 [jelly (3)]
  8200 | D:7      | Splashed by a jelly's acid

Illustrated notes

Levels and vault maps discovered:
D:1:      dpeg_arrival_stone_temple_mockup, layout_basic,
          chequers_serial_rivers_small_3
D:2:      layout_loops_cross, lemuel_doored_altar
D:3:      layout_basic, grunt_temple_overflow_open,
          chequers_ecumenical_altar_island
D:4:      layout_basic, lemuel_angel_altar
D:5:      layout_loops_ring, okawaru_altar_gauntlet_db
D:6:      layout_basic, minmay_temple_entry_glass
D:7:      layout_loops_corners, grunt_temple_overflow_order_and_chaos_1,
          minitemple, uniq_prince_ribbit1

Skill      XL: |  1  2  3  4  5  6  7  8  9 |
---------------+----------------------------+-----
Fighting       | 4 5 6 7 |  7.0
Short Blades   | 3 4 5 6 7 |  7.8
Shields        | 4 5 6 |  6.6
Armour         | 4 5 6 |  6.6
Dodging        | 1 2 |  2.0
Stealth        | 1 |  1.0

Action                   |  1- 3 |  4- 6 |  7- 9 || total
-------------------------+-------+-------+-------++-------
Melee: Rapier            |   134 |   221 |   421 ||   776
  Use: Scroll            |     4 |     3 |     9 ||    16
       Potion            |       |     1 |     6 ||     7
Armor: Scale mail        |    56 |   113 |   126 ||   295
Dodge: Dodged            |    36 |    83 |   104 ||   223
Block: Kite shield       |    68 |   117 |   194 ||   379

Table legend: (Time is in decaauts)
 A = Elapsed time spent in this place.
 B = Non-inter-level travel time spent in this place.
 C = Inter-level travel time spent in this place.
 D = Time resting spent in this place.
 E = Time spent auto-exploring this place.
 F = Levels seen in this place.
 G = Mean time per level.
                   A        B        C        D        E       F      G
               +--------+--------+--------+--------+--------+-----+--------+
         Total |   8215 |   8070 |    145 |      0 |   6178 |   7 | 1173.6 |
       Dungeon |   8215 |   8070 |    145 |      0 |   6178 |   7 | 1173.6 |
               +--------+--------+--------+--------+--------+-----+--------+

Top non-repeatable levels by time:
     D:6: 1692 daAuts
     D:3: 1689 daAuts
     D:4: 1235 daAuts
     D:2: 1103 daAuts
     D:1: 972 daAuts
     D:5: 926 daAuts
     D:7: 596 daAuts
